 Dungeon Crawl Stone Soup version 0.23-a0-103-ge8f8661 (webtiles) character file.

32 mhoghedin the Bolt Thrower (level 3, 0/22 HPs)
             Began as a Kobold Hunter on Aug 19, 2018.
             Succumbed to a goblin's poison
             ... on level 2 of the Dungeon.
             The game lasted 00:01:41 (1291 turns).

mhoghedin the Bolt Thrower (Kobold Hunter)          Turns: 1291, Time: 00:01:42

Health: 0/22       AC:  3    Str:  9    XL:     3   Next: 45%
Magic:  3/3        EV: 20    Int: 12    God:
Gold:   53         SH:  0    Dex: 21    Spells: 2/2 levels left

rFire    . . .     SeeInvis .   a - +1 hand crossbow
rCold    . . .     Gourm    .   (shield restricted)
rNeg     . . .     Faith    .   c - +0 leather armour
rPois    .         Spirit   .   (no helmet)
rElec    .         Reflect  .   (no cloak)
rCorr    .         Harm     .   (no gloves)
MR       .....                  (no boots)
Stlth    +++.......             (no amulet)
HPRegen  0.07/turn              (no ring)
MPRegen  0.08/turn              (no ring)

@: agile, lethally poisoned (0 -> -5), very slightly contaminated, invisible
A: small, carnivore
a: no special abilities


You were on level 2 of the Dungeon.
You were very hungry.

You visited 1 branch of the dungeon, and saw 2 of its levels.

You collected 53 gold pieces.

Inventory:

Hand Weapons
 a - a +1 hand crossbow (weapon)
 b - a +0 short sword
 i - a +1 dagger of venom
   (You took it off a goblin on level 2 of the Dungeon)
Missiles
 d - 14 bolts (quivered)
Armour
 c - a +0 leather armour (worn)
Scrolls
 e - a scroll of identify {unknown}
 g - a scroll of random uselessness {unknown}
 h - a scroll of enchant weapon {unknown}
 j - a scroll of teleportation {unknown}
 l - a scroll of blinking {unknown}
Comestibles
 f - 3 rations


   Skills:
 + Level 2.8 Fighting
 + Level 1.1 Short Blades
 - Level 5.0 Crossbows
 - Level 2.7 Dodging
 + Level 2.5 Stealth


You had 2 spell levels left.
You didn't know any spells.
Your spell library was empty.

Dungeon Overview and Level Annotations

Branches:
Dungeon (2/15)

Altars:
The Shining One


Innate Abilities, Weirdness & Mutations

You are small and have problems with some larger weapons.
You are carnivorous and can eat meat at any time.


Message History

The giant cockroach misses you.
You hit the giant cockroach.
The giant cockroach completely misses you.
You hit the giant cockroach but do no damage.
The giant cockroach completely misses you.
The giant cockroach closely misses you.
You closely miss the giant cockroach. The giant cockroach barely misses you.
You hit the giant cockroach.
You kill the giant cockroach!
No target in view!
No target in view!
k - a fizzy silvery potion You see here a chain mail.
l - a scroll labeled GAHUGIOWUNT No target in view!
A hobgoblin comes into view.
The hobgoblin shouts!
A hobgoblin is nearby!
The hobgoblin hits you but does no damage.
Health restored: 22 You barely miss the hobgoblin.
The hobgoblin completely misses you.
You closely miss the hobgoblin.
You are feeling very hungry.
A goblin comes into view. It is wielding a dagger of venom.
The hobgoblin completely misses you.
The goblin shouts!
You hit the hobgoblin. The hobgoblin barely misses you.
You hit the hobgoblin.
You kill the hobgoblin!
The goblin hits you but does no damage.
You are poisoned.
a - a +1 hand crossbow (weapon)
You feel sick.
You take 1 damage, and have 21/22 hp.
You feel sick.
You take 1 damage, and have 20/22 hp.
You feel sick.
You take 1 damage, and have 19/22 hp.
You feel sick.
You take 1 damage, and have 18/22 hp.
You feel sick.
You take 1 damage, and have 17/22 hp.
Firing (i - inventory)
d - 17 bolts (quivered)
Aim: a goblin, wielding a dagger of venom You shoot a bolt.
The bolt hits the goblin.
The goblin hits you but does no damage.
You are lethally poisoned!
The goblin hits you with a dagger of venom.
You take 3 damage, and have 14/22 hp.
Firing (i - inventory)
d - 16 bolts (quivered)
Aim: a goblin, wielding a dagger of venom (severely wounded)
You shoot a bolt. The bolt closely misses the goblin.
You feel sick. The goblin closely misses you.
You take 2 damage, and have 12/22 hp.
Firing (i - inventory)
d - 15 bolts (quivered)
Aim: a goblin, wielding a dagger of venom (severely wounded)
You shoot a bolt. The bolt hits the goblin!
You kill the goblin!
You feel sick.
You take 1 damage, and have 11/22 hp.
It was a potion of agility.
You feel agile all of a sudden.
You feel sick.
You take 1 damage, and have 10/22 hp.
It was a potion of invisibility.
You fade into invisibility!
You feel sick.
You are very lightly contaminated with residual magic.
You take 1 damage, and have 9/22 hp.
You feel sick.
Things that are here:
a dagger of venom; 2 bolts You take 1 damage, and have 8/22 hp.
i - a dagger of venom You feel sick.
You take 1 damage, and have 7/22 hp.
* * * LOW HITPOINT WARNING * * *
You feel sick.
You take 1 damage, and have 6/22 hp.
* * * LOW HITPOINT WARNING * * *
You feel sick.
You take 1 damage, and have 5/22 hp.
* * * LOW HITPOINT WARNING * * *
You feel sick.
You take 1 damage, and have 4/22 hp.
* * * LOW HITPOINT WARNING * * *
You feel sick.
You take 1 damage, and have 3/22 hp.
* * * LOW HITPOINT WARNING * * *
You feel sick.
You take 1 damage, and have 2/22 hp.
Unknown command.
* * * LOW HITPOINT WARNING * * *
You feel sick.
You take 1 damage, and have 1/22 hp.
Unknown command.
* * * LOW HITPOINT WARNING * * *
You feel sick.
Unknown command.
You die...

#### ..# .... #.##
...( #..#
.####..###..###
..........(..#
.....#......#####
###..............#
.....#.......##
#####.#.#@...$..#
.....#....##.#..#
#.....####(# .#
#.....# #.# #
#.....# #.#
#<....# #.#
#[....# #.#
#.#[### #.#
#†#.######.#


There were no monsters in sight!

Vanquished Creatures
  An ooze (D:1)
  2 dart slugs (D:1)
  4 giant cockroaches
  2 goblins
  3 hobgoblins
  2 jackals (D:1)
  A kobold (D:1)
  3 bats
  4 frilled lizards (D:1)
  2 rats (D:1)
24 creatures vanquished.

Notes
Turn   | Place    | Note
-------+----------+-------------------------------------------
     0 | D:1      | mhoghedin the Kobold Hunter began the quest for the Orb.
     0 | D:1      | Reached XP level 1. HP: 12/12 MP: 1/1
    98 | D:1      | Found a glowing golden altar of the Shining One.
   227 | D:1      | Reached XP level 2. HP: 16/18 MP: 2/2
   277 | D:1      | Reached skill level 5 in Crossbows
   344 | D:1      | Reached skill level 2 in Stealth
   352 | D:1      | HP: 4/18 [jackal (2)]
   361 | D:1      | HP: 2/18 [frilled lizard (3)]
   900 | D:1      | Reached XP level 3. HP: 22/22 MP: 3/3
  1016 | D:1      | Reached skill level 1 in Short Blades
  1281 | D:2      | HP: 5/22 [poisoned by a goblin]
  1286 | D:2      | HP: 2/22 [poisoned by a goblin]
  1291 | D:2      | Succumbed to a goblin's poison

Vault maps used:
D:1:      dpeg_arrival_concentric_ovals, minivault_26, tso_altar
D:2:      first_ration, minmay_divided_ellipse

Skill      XL: |  1  2  3 |
---------------+----------+-----
Crossbows      | 5 |  5.0
Stealth        | 2 |  2.5
Short Blades   | 1 |  1.1
Fighting       | |  2.8
Dodging        | |  2.7

Action                   || total
-------------------------++-------
Melee: Short sword       ||    40
 Fire: Hand crossbow     ||    36
  Use: Potion            ||     2
 Stab: Sleeping          ||     1
Armor: Leather armour    ||     9
Dodge: Dodged            ||    44

Table legend:
 A = Non-vault XP
 B = Vault XP
 C = Vault XP percentage of total XP
 D = Non-vault monster count
 E = Vault monster count
 F = Vault count percentage of total count
                 A         B        C        D         E       F
            +---------+---------+-------+---------+---------+-------
      Total |      47 |       0 |   0.0 |      24 |       0 |   0.0
            +---------+---------+-------+---------+---------+-------
        D:1 |      41 |       0 |   0.0 |      20 |       0 |   0.0
        D:2 |       6 |       0 |   0.0 |       4 |       0 |   0.0
            +---------+---------+-------+---------+---------+-------

Vault maps used:
D:1:      dpeg_arrival_concentric_ovals, minivault_26, tso_altar
D:2:      first_ration, minmay_divided_ellipse

Table legend:
 A = Turns spent in this place as a percentage of turns spent in the entire game.
 B = Non-inter-level travel turns spent in this place as a percentage of non-inter-level travel turns spent in the entire game.
 C = Inter-level travel turns spent in this place as a percentage of turns spent in this place.
 D = Turns resting spent in this place as a percentage of non-inter-level travel turns spent in this place.
 E = Turns spent auto-exploring this place as a percentage of non-inter-level travel turns spent in this place.
 F = Non-inter-level travel turns spent in this place divided by the number of levels of this place that you've seen.
                   A       B       C       D       E      F
               +-------+-------+-------+-------+-------+----------------------
         Total | 100.0 | 100.0 |   3.4 |  32.1 |  53.2 | 623.5
       Dungeon | 100.0 | 100.0 |   3.4 |  32.1 |  53.2 | 623.5
               +-------+-------+-------+-------+-------+----------------------

Table legend:
 A = Kills in this place as a percentage of kills in entire the game.
 B = Kills by you in this place as a percentage of kills by you in the entire game.
 C = Kills by friends in this place as a percentage of kills by friends in the entire game.
 D = Other kills in this place as a percentage of other kills in the entire game.
 E = Experience gained in this place as a percentage of experience gained in the entire game.
 F = Experience gained in this place divided by the number of levels of this place that you have seen.
                   A       B       C       D       E      F
               +-------+-------+-------+-------+-------+----------------------
         Total | 100.0 | 100.0 |   N/A |   N/A | 100.0 |  23.5
       Dungeon | 100.0 | 100.0 |   N/A |   N/A | 100.0 |  23.5
               +-------+-------+-------+-------+-------+----------------------
